 Dungeon Crawl Stone Soup version 0.31-a0-667-g39726597b9 (webtiles) character file.

Game seed: 640241278429312104

295 garrulousMonolith the Changeling (level 6, -4/56 (57) HPs)
             Began as a Troll Shapeshifter on Sept 3, 2023.
             Slain by a wight
             ... wielding a +0 mace
              (11 damage)
             ... on level 4 of the Dungeon.
             The game lasted 00:02:30 (2420 turns).

garrulousMonolith the Changeling (TrSh)             Turns: 2420, Time: 00:02:30

HP:   -4/56 (57)    AC:  4    Str: 23    XL:     6   Next: 11%
MP:   5/5           EV: 10    Int:  8    God:
Gold: 186           SH:  0    Dex: 15    Spells: 5/5 levels left

rFire   . .          .
                       - Unarmed
rCold   . . .        (no shield)
rNeg    . . .        a - +0 animal skin
rPois   .            (helmet currently unavailable)
rElec   .            (cloak currently unavailable)
rCorr   .            (gloves unavailable)
SInv    .            (boots unavailable)
Will    +....        (no amulet)
Stlth   +            v - +6 ring of dexterity
HPRegen 1.09/turn    y - ring of willpower
MPRegen 0.09/turn

%: no passive effects
@: beast-form, lightly drained
A: beast (slay +2), large, unfitting armour, claws 3, regeneration 1, shaggy fur
1, tough skin 1, wild magic 1, devolution 1
a: Begin Untransformation


You were on level 4 of the Dungeon.
You were a hulking beast.
You visited 1 branch of the dungeon, and saw 4 of its levels.

You collected 186 gold pieces.

Inventory:

Missiles
 o - 14 poisoned darts (quivered)
Armour
 a - a +0 animal skin (worn)
Jewellery
 n - a ring of flight
 v - a +6 ring of dexterity (left claw)
 w - a ring of protection from fire
 y - a ring of willpower (right claw)
Talismans
 c - a beast talisman (active)
 d - a flux talisman
Scrolls
 e - 4 scrolls of teleportation
 g - 2 scrolls of enchant armour {unknown}
 h - a scroll of fog
 i - 2 scrolls of vulnerability {unknown}
 l - a scroll of poison {unknown}
 p - 2 scrolls of enchant weapon {unknown}
 q - a scroll of revelation {unknown}
 r - a scroll of identify {unknown}
 s - 2 scrolls of fear {unknown}
 u - 2 scrolls of torment
Potions
 b - a potion of lignification
 f - a potion of mutation
 j - 2 potions of heal wounds {unknown}
 k - a potion of degeneration {unknown}
 m - a potion of resistance {unknown}
 t - a potion of attraction {unknown}
 x - a potion of haste {unknown}
 z - a potion of curing {unknown}


   Skills:
 + Level 2.2 Fighting
 + Level 2.7 Dodging
 + Level 4.0 Unarmed Combat
 * Level 4.7 Shapeshifting


You had 5 spell levels left.
You didn't know any spells.
Your spell library contained the following spells:

 Spells                   Type           Power      Damage    Failure   Level
 Stone Arrow              Conj/Erth      0%         3d7       85%         3
 Animate Armour           Summ/Erth      0%         N/A       99%         4
 Lehudib's Crystal Spear  Conj/Erth      0%         10d2      100%        8


Dungeon Overview and Level Annotations

Branches:
Dungeon (4/15)
 Temple: D:4-7

Altars:


Innate Abilities, Weirdness & Mutations

You are a hulking beast.
Your limbs bulge with bestial killing power. (Slay +2)
You are too large for most types of armour.
You have claws for hands.
Your natural rate of healing is unusually fast.
You are covered in fur. (AC +1)
You have tough skin. (AC +1)
Your spells are a little harder to cast, but a little more powerful.
You have hidden genetic defects.


Message History

You are too injured to fight recklessly!
You are too injured to fight recklessly!
You are too injured to fight recklessly!
You are too injured to fight recklessly!
You are too injured to fight recklessly!
You are too injured to fight recklessly!
You are too injured to fight recklessly!
You are too injured to fight recklessly!
You are too injured to fight recklessly!
You are too injured to fight recklessly!
You are too injured to fight recklessly!
You barely miss the wight. Your claw misses the wight.
The wight is lightly damaged.
The wight hits you with a +0 flail.
You closely miss the wight.
The wight is lightly damaged.
The wight hits you with a +0 flail!
You claw the wight!
The wight is severely damaged.
The wight hits you with a +0 flail!
You feel drained.
* * * LOW HITPOINT WARNING * * *
You claw the wight!
You destroy the wight!
Your life force feels restored.
Your Unarmed Combat skill increases to level 4!
You have reached level 6!
You feel stronger.
You claw the wight!
The wight is heavily damaged.
You scratch the wight but do no damage.
The wight is heavily damaged.
The wight hits you with a +0 mace!
* * * LOW HITPOINT WARNING * * *
You feel drained.
* * * LOW HITPOINT WARNING * * *
It was a potion of mutation.
You feel extremely strange.
You feel a hidden malignance growing inside you.
You feel less in control of your magic. The wight hits you with a +0 mace!
You die...

#.# #.#.#
#.#.# #.#.#
#.#.# #.#.#
#.#.# #.#z#
#.#h#
#.#.###.#
#.#.....##
#..........
###########


You could see a wight.

Vanquished Creatures
  2 wights (D:4)
  Terence (D:3)
  3 gnolls (D:3)
  6 adders
  4 worms
  A dart slug (D:3)
  2 orcs
  5 endoplasms
  3 giant cockroaches
  5 goblins
  8 hobgoblins
  4 jackals (D:3)
  10 kobolds
  A quokka (D:1)
  9 ball pythons
  4 bats
  3 frilled lizards
  4 rats
75 creatures vanquished.

Notes
Turn   | Place    | Note
-------+----------+-------------------------------------------
     0 | D:1      | garrulousMonolith the Troll Shapeshifter began the quest
                  | for the Orb.
     0 | D:1      | Reached XP level 1. HP: 18/18 MP: 0/0
   219 | D:1      | Reached skill level 1 in Fighting
   224 | D:1      | Reached XP level 2. HP: 27/27 MP: 1/1
  1085 | D:2      | Reached XP level 3. HP: 33/33 MP: 2/2
  1473 | D:2      | Reached XP level 4. HP: 41/41 MP: 3/3
  1763 | D:3      | Noticed Terence
  1770 | D:3      | Killed Terence
  1771 | D:3      | Reached XP level 5. HP: 44/49 MP: 4/4
  2418 | D:4      | Reached XP level 6. HP: 15/57 MP: 5/5
  2420 | D:4      | Gained mutation: You have hidden genetic defects. [potion
                  | of mutation]
  2420 | D:4      | Gained mutation: Your spells are a little harder to cast,
                  | but a little more powerful. [potion of mutation]
  2420 | D:4      | Slain by a wight

Illustrated notes

Levels and vault maps discovered:
D:1:      dpeg_arrival_boxes_within_box, layout_basic
D:2:      layout_basic, minmay_tetromino_o2
D:3:      minmay_chambers_of_threes, layout_loops_ring, uniq_terence
D:4:      layout_loops_ring, uniq_edmund

Skill      XL: |  1  2  3  4  5 |
---------------+----------------+-----
Fighting       | 1 2 |  2.2
Dodging        | 2 |  2.7
Shapeshifting  | 4 |  4.7
Unarmed Combat | 4 |  4.0

Action                     |  1- 3 |  4- 6 || total
---------------------------+-------+-------++-------
  Melee: Unarmed           |    69 |    94 ||   163
         Punch             |       |     3 ||     3
    Use: Scroll            |     1 |     2 ||     3
         Potion            |       |     1 ||     1
   Stab: Sleeping          |     1 |       ||     1
 Armour: Animal skin       |    38 |    58 ||    96
  Dodge: Dodged            |    22 |    51 ||    73

Table legend: (Time is in decaauts)
 A = Elapsed time spent in this place.
 B = Non-inter-level travel time spent in this place.
 C = Inter-level travel time spent in this place.
 D = Time resting spent in this place.
 E = Time spent auto-exploring this place.
 F = Levels seen in this place.
 G = Mean time per level.
                   A        B        C        D        E       F      G
               +--------+--------+--------+--------+--------+-----+--------+
         Total |   2408 |   2301 |    107 |     20 |   1899 |   4 |  602.0 |
       Dungeon |   2408 |   2301 |    107 |     20 |   1899 |   4 |  602.0 |
               +--------+--------+--------+--------+--------+-----+--------+

Top non-repeatable levels by time:
     D:1: 1080 daAuts
     D:3: 694 daAuts
     D:2: 507 daAuts
     D:4: 125 daAuts
